 Dungeon Crawl Stone Soup version 0.30-a0-125-g51eefa89be (webtiles) character file.

Game seed: 12422090388354003131

7823 ragingrage the Spear-Bearer (level 11, -5/66 (81) HPs)
             Began as a Demonspawn Cinder Acolyte on Sept 18, 2022.
             Was a High Priest of Ignis.
             Killed from afar by Josephine (18 damage)
             ... with a ghostly fireball
             ... on level 11 of the Dungeon.
             The game lasted 00:17:35 (14156 turns).

ragingrage the Spear-Bearer (DsCA)                 Turns: 14156, Time: 00:17:36

HP:   -5/66 (81)    AC: 11    Str: 17    XL:     11   Next: 1%
MP:   18/18         EV: 25    Int: 18    God:    Ignis [*****.]
Gold: 751           SH:  6    Dex:  8    Spells: 8/20 levels left

rFire   + . .      SeeInvis .    b - staff of conjuration
rCold   + . .      Faith    .    (no shield)
rNeg    . . .      Spirit   .    c - +1 ring mail {rPois}
rPois   +          Reflect  .    O - +0 helmet
rElec   .          Harm     .    C - +1 cloak
rCorr   .          Rampage  .    k - +0 pair of gloves
Will    .....                    (boots unavailable)
Stlth   ..........               p - amulet of the acrobat
HPRegen 1.01/turn                P - ring of protection from cold
MPRegen 0.16/turn                x - ring of flight

@: acrobatic, flying, slowed, heavily drained, very slow
A: hooves 3, large bone plates 2, powered by pain 1, demonic magic 1,
regeneration 1
a: Renounce Religion, Fiery Armour, Foxfire Swarm, Rising Flame


You were on level 11 of the Dungeon.
You worshipped Ignis.
Ignis was extremely pleased with you.
You visited 1 branch of the dungeon, and saw 11 of its levels.

You collected 782 gold pieces.
You spent 31 gold pieces at shops.

Inventory:

Hand Weapons
 a - a +2 vorpal spear
 m - a +0 trident
 G - a +4 war axe
Missiles
 d - 14 poisoned darts (quivered)
 w - 2 javelins
 N - 4 curare-tipped darts
Armour
 c - a +1 ring mail of poison resistance (worn)
 k - a +0 pair of gloves (worn)
 C - a +1 cloak (worn)
 H - a +1 scale mail of cold resistance
 J - a +0 troll leather armour
 O - a +0 helmet (worn)
Magical Staves
 b - a staff of conjuration (weapon)
Jewellery
 p - an amulet of the acrobat (around neck)
 x - a ring of flight (right hand)
 K - a ring of fire
 P - a ring of protection from cold (left hand)
Wands
 g - a wand of roots (6)
 j - a wand of flame (11)
 v - a wand of polymorph (14)
 B - a wand of mindburst (17)
Scrolls
 e - a scroll of torment
 h - 3 scrolls of poison
 i - a scroll of enchant armour {unknown}
 l - 3 scrolls of vulnerability
 q - a scroll of enchant weapon {unknown}
 r - 8 scrolls of identify
 y - a scroll of teleportation
 F - 2 scrolls of fear
 I - a scroll of magic mapping {unknown}
 L - 3 scrolls of fog {unknown}
 M - a scroll of blinking {unknown}
Potions
 f - 5 potions of heal wounds
 n - a potion of haste {unknown}
 o - 8 potions of curing
 s - a potion of brilliance {unknown}
 t - 2 potions of attraction
 u - 2 potions of mutation
 z - 2 potions of ambrosia {unknown}
 A - 2 potions of flight {unknown}
 D - a potion of lignification
 E - a potion of invisibility {unknown}


   Skills:
 + Level 5.6 Fighting
 + Level 8.9 Polearms
 + Level 4.1 Armour
 - Level 5.0 Spellcasting
 + Level 8.5 Conjurations
 - Level 6.0 Fire Magic
 - Level 2.0 Air Magic
 - Level 3.0 Earth Magic
 - Level 2.0 Poison Magic


You had 8 spell levels left.
You knew the following spells:

 Your Spells              Type           Power      Damage    Failure   Level
a - Scorch                Fire           52%        2d8       3%          2
b - Mephitic Cloud        Conj/Pois/Air  29%        N/A       12%         3
c - Stone Arrow           Conj/Erth      74%        3d11      6%          3
d - Fulminant Prism       Conj/Hex       14%        3d9       36%         4

Your spell library contained the following spells:

 Spells                   Type           Power      Damage    Failure   Level
 Magic Dart               Conj           100%       1d8       1%          1
 Searing Ray              Conj           100%       2d8       1%          2
 Sandblast                Erth           30%        2d9       7%          1
 Sting                    Tmut/Pois      32%        1d4       16%         1
 Poisonous Vapours        Pois/Air       22%        N/A       16%         2
 Passwall                 Tmut/Erth      7%         N/A       19%         2
 Cigotuvi's Dreadful Rot  Necr/Pois/Air  18%        N/A       21%         2
 Blink                    Tloc           8%         N/A       34%         2
 Call Imp                 Summ           4%         N/A       34%         2
 Hailstorm                Conj/Ice       29%        3d8       36%         4
 Portal Projectile        Hex/Tloc       8%         N/A       56%         3
 Tukima's Dance           Hex            4%         N/A       56%         3
 Olgreb's Toxic Radiance  Pois           11%        N/A       69%         4
 Dispel Undead            Necr           4%         3d7       92%         4
 Ice Form                 Ice/Tmut       4%         N/A       92%         4
 Manifold Assault         Tloc           4%         N/A       92%         4
 Passage of Golubria      Tloc           4%         N/A       92%         4
 Blade Hands              Tmut           2%         N/A       99%         5
 Yara's Violent Unravell  Hex/Tmut       2%         3d3       99%         5
 Death Channel            Necr           2%         N/A       100%        6
 Simulacrum               Ice/Necr       2%         N/A       100%        6
 Storm Form               Tmut/Air       4%         N/A       100%        7


Dungeon Overview and Level Annotations

Branches:
Dungeon (11/15)            Temple (0/1) D:4            Lair (0/5) D:10
    Orc (0/2) D:9

Altars:
Ashenzari
Dithmenos
Fedhas
Gozag
Hepliaklqana
Nemelex Xobeh
Trog
Uskayaw
Wu Jian
Xom
Yredelemnul

Shops:
D:10 *

Annotations:
D:10 1 runed translucent door, JuniperTheExplorer's ghost, journeyman FoFi
D:11 Josephine


Innate Abilities, Weirdness & Mutations

You have hooves in place of feet.
You are mostly covered in large bone plates. (SH +6)
You sometimes gain a little power by taking damage.
Spells you cast may paralyse adjacent enemies.
Your natural rate of healing is unusually fast.


Message History

The ghostly fireball engulfs the wraith.
The wraith completely resists.
The ghostly fireball engulfs Josephine.
Josephine completely resists.
The ghostly fireball engulfs the wraith.
The wraith completely resists.
The wraith hits you!
There is an open door here.
Okay, then.
Casting: Scorch (safe; 3% risk of failure)
Confirm with . or Enter, or press ? or * to list all spells.
Aiming: Fulminant Prism (dangerous; 36% risk of failure)
Press: ? - help, Dir - move target, f - Josephine
Aim: Josephine, wielding a +0 dagger and wearing a +0 robe
Okay, then.
The wraith attacks as you move away! You block the wraith's attack.
b - a staff of conjuration (weapon)
The wraith hits you!
* * * LOW HITPOINT WARNING * * *
Casting: Fulminant Prism (dangerous; 36% risk of failure)
Confirm with . or Enter, or press ? or * to list all spells.
Okay, then.
You feel much better. The wraith closely misses you.
You block Josephine's attack.
Unknown command.
Okay, then.
The air fills with toxic fumes!
As you read the scroll of poison, it crumbles to dust.
Josephine casts a spell at you.
The ghostly flame explodes!
The ghostly fireball engulfs you!!
You feel drained.
* * * LOW HITPOINT WARNING * * *
You focus on the pain.
You feel your power returning.
The ghostly fireball engulfs the wraith.
The wraith completely resists.
The ghostly fireball engulfs Josephine.
Josephine completely resists.
The wraith hits you but does no damage. Josephine hits you but does no damage.
The wraith hits you but does no damage.
You hear a shout!
Josephine gestures at you while chanting.
The ghostly flame explodes!
The ghostly fireball engulfs you!!
You feel drained.
You die...

#.#####'##.................
#..........................
#....§§....................
#.####§#######..#######..##
#§§§§§§§#..#.....#..#
#§§§§§§§#..'.....#..#
#§§§§§§§#..#.....#..#
#§§§§§§§#..#.....#..##
#§§§§@§§#..#######....
#§§§§§.W#...........##
#######@#...........#
#......W.§..........#
#......§§§§§........#
####...§§§§§§§..^...#
#############....# #....#
#....#


You could see Josephine and 2 wraiths.

Vanquished Creatures
  A two-headed ogre (D:10)
  A gargoyle (D:10)
  4 trolls
  2 hornets (D:9)
  A shadow (D:9)
  2 wraiths
  A wyvern (D:7)
  5 yaks
  A vampire (D:9)
  A steam dragon (D:6)
  2 vampire mosquitoes (D:8)
  4 orc warriors
  An ice beast (D:5)
  2 black bears
  3 sky beasts
  4 wolves (D:10)
  A centaur (D:7)
  An ogre (D:5)
  2 phantoms
  Blork the orc (D:4)
  A necrophage (D:5)
  2 bullfrogs
  3 scorpions
  2 gnoll sergeants (D:8)
  3 wights (D:8)
  4 howler monkeys
  4 electric eels (D:10)
  A crimson imp (D:5)
  A lava snake (D:7)
  8 hounds
  2 jellies (D:5)
  A gnoll bouda (D:7)
  7 orc priests
  6 iguanas
  Ijyb (D:3)
  6 orc wizards
  10 adders
  23 gnolls
  A white imp (D:8)
  3 worms
  27 orcs
  8 endoplasms
  6 giant cockroaches
  9 goblins
  4 hobgoblins
  2 jackals (D:4)
  11 kobolds
  3 quokkas
  7 ball pythons
  5 bats
  A frilled lizard (D:3)
  3 rats
215 creatures vanquished.

Vanquished Creatures (collateral kills)
  An orc wizard (D:5)
  A white imp (D:5)
2 creatures vanquished.

Vanquished Creatures (others)
  19 fungi (D:9)
  3 plants (D:3)
22 creatures vanquished.

Grand Total: 239 creatures vanquished

Notes
Turn   | Place    | Note
-------+----------+-------------------------------------------
     0 | D:1      | ragingrage the Demonspawn Cinder Acolyte began the quest
                  | for the Orb.
     0 | D:1      | Reached XP level 1. HP: 18/18 MP: 2/2
   507 | D:1      | Gained mutation: You have large cloven feet. [demonic
                  | ancestry]
   507 | D:1      | Reached XP level 2. HP: 17/24 MP: 3/3
   510 | D:1      | Learned a level 2 spell: Scorch
  1599 | D:2      | Gained mutation: You are partially covered in large bone
                  | plates. (SH +4) [demonic ancestry]
  1599 | D:2      | Reached XP level 3. HP: 18/29 MP: 1/4
  1829 | D:2      | Found a faded altar of an unknown god.
  3167 | D:3      | Reached XP level 4. HP: 34/35 MP: 3/5
  3703 | D:3      | Noticed Ijyb
  3786 | D:3      | Gained mutation: Your natural rate of healing is unusually
                  | fast. [potion of mutation]
  3786 | D:3      | Gained mutation: You are mostly covered in large bone
                  | plates. (SH +6) [potion of mutation]
  3809 | D:3      | Killed Ijyb
  3810 | D:3      | Gained mutation: You sometimes gain a little power by
                  | taking damage. [demonic ancestry]
  3810 | D:3      | Reached XP level 5. HP: 33/41 MP: 1/6
  3907 | D:3      | Identified the +0 dagger of Tanufur {vorpal, rF+ Dex+3}
  4008 | D:3      | Found a blossoming altar of Fedhas.
  4466 | D:4      | Learned a level 3 spell: Mephitic Cloud
  4680 | D:4      | Gained mutation: You have hoof-like feet. [demonic
                  | ancestry]
  4680 | D:4      | Reached XP level 6. HP: 47/47 MP: 7/7
  4726 | D:4      | Found a staircase to the Ecumenical Temple.
  4828 | D:4      | Found a hazy altar of Hepliaklqana.
  4928 | D:4      | Reached skill level 5 in Polearms
  5017 | D:4      | Noticed Blork the orc
  5028 | D:4      | Killed Blork the orc
  5029 | D:4      | Reached skill level 5 in Fire Magic
  5316 | D:4      | Found a hide-covered altar of Uskayaw.
  5565 | D:5      | Entered Level 5 of the Dungeon
  5876 | D:5      | Reached XP level 7. HP: 52/52 MP: 8/8
  6431 | D:5      | Learned a level 3 spell: Stone Arrow
  6677 | D:5      | Gained mutation: You have hooves in place of feet. [demonic
                  | ancestry]
  6677 | D:5      | Reached XP level 8. HP: 47/58 MP: 8/11
  7586 | D:6      | Reached skill level 1 in Conjurations
  7710 | D:6      | You are sucked into a shaft and drop 1 floor!
  8008 | D:7      | Noticed a gargoyle
  8449 | D:6      | Reached XP level 9. HP: 61/63 MP: 6/15
  9011 | D:7      | Reached skill level 1 in Earth Magic
  9226 | D:7      | Learned a level 4 spell: Fulminant Prism
  9537 | D:7      | Reached skill level 5 in Spellcasting
  9537 | D:7      | Reached skill level 1 in Air Magic
  9537 | D:7      | Reached skill level 1 in Poison Magic
 10340 | D:8      | Noticed a troll
 10347 | D:8      | Killed a troll
 10348 | D:8      | Reached skill level 5 in Conjurations
 11135 | D:8      | Reached XP level 10. HP: 55/70 MP: 7/17
 11198 | D:9      | Found an opulent altar of Gozag.
 11503 | D:9      | Found a sparkling altar of Nemelex Xobeh.
 11558 | D:8      | Reached skill level 1 in Armour
 11867 | D:9      | Found a shimmering altar of Xom.
 12120 | D:9      | Found a broken altar of Ashenzari.
 12260 | D:9      | Found a staircase to the Orcish Mines.
 12594 | D:9      | Found a basalt altar of Yredelemnul.
 12804 | D:10     | Entered Level 10 of the Dungeon
 12827 | D:10     | Noticed a gargoyle
 12839 | D:10     | Killed a gargoyle
 12961 | D:10     | Found a bloodstained altar of Trog.
 13043 | D:10     | Reached skill level 5 in Fighting
 13270 | D:10     | Found a staircase to the Lair.
 13389 | D:10     | Found a shadowy altar of Dithmenos.
 13461 | D:10     | Found Laxiuv's Serpentskin Sales.
 13548 | D:10     | Bought 4 curare-tipped darts for 31 gold pieces
 13646 | D:10     | Found a runed translucent door.
 13647 | D:10     | Found a shimmering altar of Xom.
 13647 | D:10     | Noticed a +0 hand axe of chaos
 13647 | D:10     | Noticed JuniperTheExplorer's ghost (journeyman FoFi)
 13865 | D:10     | Found an ornate altar of the Wu Jian Council.
 13895 | D:10     | Noticed a two-headed ogre
 13902 | D:10     | Killed a two-headed ogre
 14136 | D:11     | Noticed Josephine
 14139 | D:11     | Gained mutation: Spells you cast may paralyse adjacent
                  | enemies. [demonic ancestry]
 14139 | D:11     | Reached XP level 11. HP: 65/81 MP: 2/18
 14156 | D:11     | Killed from afar by Josephine

Illustrated notes

Levels and vault maps discovered:
D:1:      arrival_zaba_pyramid, layout_loops_ring
D:2:      minmay_chambers_of_twos, layout_rooms, nicolae_ecumenical_pavilion
D:3:      layout_loops_corners, fedhas_ov_isle_minmay, uniq_ijyb
D:4:      layout_cave_pools, nicolae_uskayaw_suspiria,
          mainiacjoe_overflow_alcove_4, temple_pool_b, uniq_blork_the_orc
D:5:      layout_layer_cave, minmay_misc_feat_roman, grunt_decor_junction,
          minmay_fire_ice_demons
D:6:      layout_rooms
D:7:      minmay_opposing_rooms, layout_loops_ring, nicolae_lava_and_water
D:8:      layout_loops_ring, kennysheep_generic_room_16
D:9:      layout_basic, dreamdust_divine_triumvirate,
          nicolae_ashenzari_skybound, mainiacjoe_overflow_cross_hatched,
          mainiacjoe_overflow_tiny_flanked, mainiacjoe_overflow_catwalk,
          nemelex_spade_bored_becter, orc_0_dummy
D:10:     layout_roguey, lightli_temple_of_fire,
          grunt_dithmenos_smoke_and_mirrors, nzn_wu_jian_council_hall,
          erik_lair_island, ebering_ghost_xom, guppyfry_shop_venom
D:11:     layout_irregular_city, portal_ice_cave_demonic_guard, uniq_josephine,
          uniq_urug, uniq_amaemon

Skill      XL: |  1  2  3  4  5  6  7  8  9 10 |
---------------+-------------------------------+-----
Polearms       | 3 4 5 7 8 |  8.9
Fire Magic     | 3 4 5 6 |  6.0
Spellcasting   | 2 4 5 |  5.0
Conjurations   | 3 6 8 |  8.5
Earth Magic    | 3 |  3.0
Air Magic      | 2 |  2.0
Poison Magic   | 2 |  2.0
Armour         | 4 |  4.1
Fighting       | 5 |  5.6

Action                   |  1- 3 |  4- 6 |  7- 9 | 10-12 || total
-------------------------+-------+-------+-------+-------++-------
Melee: Spear             |    93 |   165 |   288 |    72 ||   618
       Kick              |    13 |    18 |    62 |    17 ||   110
       Punch             |       |     1 |     4 |     1 ||     6
       Staff             |       |       |     2 |     3 ||     5
Throw: Dart              |       |       |     3 |     2 ||     5
 Cast: Scorch            |    19 |    40 |   137 |   107 ||   303
       Stone Arrow       |       |       |       |     6 ||     6
Evoke: Wand              |       |       |     1 |       ||     1
  Use: Potion            |       |     3 |       |     3 ||     6
       Scroll            |       |     1 |    10 |     1 ||    12
Armor: Robe              |    17 |     1 |       |       ||    18
       Ring mail         |       |    54 |    55 |    45 ||   154
       Skin              |       |     4 |       |       ||     4
Dodge: Dodged            |    58 |    71 |   120 |    69 ||   318
Block: Other             |     5 |    59 |    76 |    36 ||   176

Table legend: (Time is in decaauts)
 A = Elapsed time spent in this place.
 B = Non-inter-level travel time spent in this place.
 C = Inter-level travel time spent in this place.
 D = Time resting spent in this place.
 E = Time spent auto-exploring this place.
 F = Levels seen in this place.
 G = Mean time per level.
                   A        B        C        D        E       F      G
               +--------+--------+--------+--------+--------+-----+--------+
         Total |  14046 |  13585 |    461 |   4079 |   7231 |  11 | 1276.9 |
       Dungeon |  14046 |  13585 |    461 |   4079 |   7231 |  11 | 1276.9 |
               +--------+--------+--------+--------+--------+-----+--------+

Top non-repeatable levels by time:
     D:2: 1798 daAuts
     D:5: 1764 daAuts
     D:8: 1708 daAuts
     D:9: 1430 daAuts
     D:3: 1377 daAuts
     D:1: 1316 daAuts
     D:4: 1274 daAuts
     D:7: 1255 daAuts
    D:10: 1233 daAuts
     D:6: 776 daAuts
    D:11: 111 daAuts
